 Dungeon Crawl Stone Soup version 0.22-a0-181-gb22368a (webtiles) character file.

814 KristoblXynda the Chopper (level 7, -1/85 HPs)
             Began as a Grey Draconian Fighter on Feb 14, 2018.
             Was a Believer of Okawaru.
             Slain by a two-headed ogre
             ... wielding a +0 giant spiked club
              (17 damage)
             ... on level 5 of the Dungeon.
             The game lasted 00:05:12 (3717 turns).

KristoblXynda the Chopper (Grey Draconian Fighter)  Turns: 3717, Time: 00:05:13

Health: -1/85      AC: 23    Str: 18    XL:     7   Next: 62%
Magic:  7/7        EV:  2    Int: 11    God:    Okawaru [**....]
Gold:   195        SH:  9    Dex: 10    Spells: 6/6 levels left

rFire    . . .     SeeInvis .   a - +0 war axe
rCold    . . .     Gourm    .   b - +0 shield
rNeg     + + +     Faith    .   (armour unavailable)
rPois    +         Spirit   .   (helmet currently unavailable)
rElec    .         Reflect  .   (cloak currently unavailable)
rCorr    .         Harm     .   (gloves currently unavailable)
MR       .....     NoTele   +   (boots currently unavailable)
Stlth    +.........             (no amulet)
HPRegen  0.24/turn              (no ring)
MPRegen  0.10/turn              (no ring)

@: tree-form
A: (walk through water), unfitting armour, AC +11
a: Heroism, Renounce Religion


You were on level 5 of the Dungeon.
You worshipped Okawaru.
Okawaru was pleased with you.
You were not hungry.
You were a tree.
You visited 1 branch of the dungeon, and saw 5 of its levels.

You collected 195 gold pieces.

Inventory:

Hand Weapons
 a - a +0 war axe (weapon)
Armour
 b - a +0 shield (worn)
 e - a +0 pair of gloves (melded)
 n - a +0 pair of boots (melded)
Wands
 c - a wand of iceblast (10)
Scrolls
 f - a scroll of enchant armour {unknown}
 g - 3 scrolls of remove curse
 k - 2 scrolls of magic mapping {unknown}
 l - 2 scrolls of immolation {unknown}
 m - a scroll of teleportation
 p - a scroll of enchant weapon {unknown}
 q - a scroll of identify
Potions
 h - 2 potions of heal wounds
 i - a potion of flight
 j - 2 potions of cancellation
Comestibles
 d - 7 rations


   Skills:
 - Level 3.2 Fighting
 * Level 6.3 Axes
 + Level 4.7 Dodging
 + Level 5.2 Shields


You had 6 spell levels left.
You didn't know any spells.

Dungeon Overview and Level Annotations

Branches:
Dungeon (5/15)
 Temple: D:4-7

Altars:
Nemelex Xobeh
Okawaru
Qazlal


Innate Abilities, Weirdness & Mutations

((You can walk through water.))
((Your dull iron-grey scales are very hard. (AC +11)))
You cannot fit into any form of body armour.
((You can survive without breathing.))
((You are cold-blooded and may be slowed by cold attacks.))


Message History

The two-headed ogre is heavily wounded.
You block the two-headed ogre's attack.
The two-headed ogre hits you with a dire flail.
You hit the two-headed ogre.
The two-headed ogre is heavily wounded.
The two-headed ogre hits you with a giant spiked club!
You block the two-headed ogre's attack.
You slash the two-headed ogre!
The two-headed ogre is severely wounded.
The two-headed ogre hits you with a giant spiked club!
You block the two-headed ogre's attack.
You barely miss the two-headed ogre.
The two-headed ogre is severely wounded.
The two-headed ogre hits you with a giant spiked club!
* * * LOW HITPOINT WARNING * * *
You block the two-headed ogre's attack.
You completely miss the two-headed ogre.
The two-headed ogre is severely wounded.
The two-headed ogre hits you with a giant spiked club!
You die...

... #.# # ###### #.#
l# .....# ##+###.#
..# ####.#####
#≈≈≈##.# ...#
..##.....# +≈≈≈'..#
..... #[##...).#
#≈≈≈#.!#....#
#.##.....#
##O###.O....#
#.##.....#####
#♣##########
#.##.........###....#
#.#.........).##....#
#.#..########.##....#
..#.. #..+....# ###.⌠
#.##....# ..
#.##....# #.####.## ≈
#.##....#


You could see a two-headed ogre.

Vanquished Creatures
  Grinder (D:3)
  Sigmund (D:3)
  An ogre (D:5)
  A centaur (D:4)
  A scorpion (D:4)
  A crimson imp (D:5)
  A bullfrog skeleton (D:4)
  Terence (D:3)
  An iguana (D:4)
  A worker ant (D:4)
  A gnoll (D:3)
  6 adders
  2 worms
  3 dart slugs
  4 leopard geckos (D:2)
  An orc (D:3)
  3 bats
  3 giant cockroaches
  3 goblins
  4 hobgoblins
  4 jackals (D:2)
  2 quokkas
  2 ball pythons
  10 frilled lizards (D:2)
  3 kobolds (D:2)
  2 leopard gecko skeletons (D:4)
  2 quokka skeletons (D:4)
  10 rats
75 creatures vanquished.

Notes
Turn   | Place    | Note
-------+----------+-------------------------------------------
     0 | D:1      | KristoblXynda the Draconian Fighter began the quest for the Orb.
     0 | D:1      | Reached XP level 1. HP: 19/19 MP: 1/1
   163 | D:1      | Found a sparkling altar of Nemelex Xobeh.
   398 | D:2      | Reached XP level 2. HP: 8/26 MP: 2/2
   671 | D:2      | Found a stormy altar of Qazlal.
   793 | D:2      | Reached skill level 3 in Axes
   793 | D:2      | Reached XP level 3. HP: 24/31 MP: 3/3
  1466 | D:3      | Found an iron altar of Okawaru.
  1495 | D:3      | Became a worshipper of Warmaster Okawaru
  1541 | D:3      | Noticed Grinder
  1544 | D:3      | Paralysed by Grinder for 5 turns
  1561 | D:3      | Killed Grinder
  1561 | D:3      | Reached * piety under Okawaru
  1561 | D:3      | Reached skill level 4 in Axes
  1561 | D:3      | Reached XP level 4. HP: 38/38 MP: 4/4
  1561 | D:3      | Reached XP level 5. HP: 45/45 MP: 5/5
  1717 | D:3      | Noticed Sigmund
  1731 | D:3      | Killed Sigmund
  1731 | D:3      | Reached ** piety under Okawaru
  1731 | D:3      | Reached skill level 5 in Axes
  1731 | D:3      | Reached XP level 6. HP: 35/51 MP: 6/6
  1830 | D:3      | Noticed Terence
  1839 | D:3      | Killed Terence
  2811 | D:4      | Your scales start taking on a dull iron-grey colour.
  2811 | D:4      | Reached XP level 7. HP: 38/57 MP: 7/7
  2811 | D:4      | Gained mutation: You can survive without breathing. [Grey Draconian growth]
  3297 | D:4      | Reached skill level 6 in Axes
  3297 | D:4      | Reached skill level 5 in Shields
  3441 | D:5      | Entered Level 5 of the Dungeon
  3699 | D:5      | Noticed a two-headed ogre
  3717 | D:5      | Slain by a two-headed ogre

Vault maps used:
D:1:      sevenhm_arrival_forest_fort_small_6, nemelex_diamond_rough_becter
D:2:      grunt_qazlal_clouds, minmay_lizard_king
D:3:      okawaru_gym_becter, minmay_randomly_rotated_circles, uniq_grinder,
          uniq_terence, uniq_sigmund
D:4:      first_ration
D:5:      lemuel_doored_altar, kiku_gazebo_pond_becter, minmay_liquid_box,
          uniq_duvessa, uniq_crazy_yiuf_cottage

Skill      XL: |  1  2  3  4  5  6  7 |
---------------+----------------------+-----
Dodging        | 3 4 |  4.7
Axes           | 3 4 5 6 |  6.3
Shields        | 4 5 |  5.2
Fighting       | |  3.2

Action                   |  1- 3 |  4- 6 |  7- 9 || total
-------------------------+-------+-------+-------++-------
Melee: War axe           |   118 |   100 |    57 ||   275
       Tailslap          |    12 |    11 |     8 ||    31
  Use: Potion            |     1 |     1 |     1 ||     3
       Scroll            |       |     7 |       ||     7
 Stab: Sleeping          |     1 |       |       ||     1
  Eat: Chunk             |     2 |     4 |     3 ||     9
Armor: Skin              |    48 |    32 |    17 ||    97
Dodge: Dodged            |    46 |    48 |    20 ||   114
Block: Shield            |    64 |    45 |    32 ||   141

Table legend:
 A = Spawn XP
 B = Non-spawn XP
 C = Spawn XP percentage of total XP
 D = Spawn monster count
 E = Non-spawn monster count
 F = Spawn count percentage of total count
 G = Total turns spent on level
                    A         B        C        D         E        F      G
               +---------+---------+-------+---------+---------+-------+---------
         Total |       0 |    1164 |   0.0 |       0 |      75 |   0.0 |  3717
               +---------+---------+-------+---------+---------+-------+---------
           D:1 |       0 |       9 |   0.0 |       0 |       5 |   0.0 |   389
           D:2 |       0 |      78 |   0.0 |       0 |      38 |   0.0 |  1068
           D:3 |       0 |     552 |   0.0 |       0 |      13 |   0.0 |   857
           D:4 |       0 |     357 |   0.0 |       0 |      16 |   0.0 |  1127
           D:5 |       0 |     168 |   0.0 |       0 |       3 |   0.0 |   276
               +---------+---------+-------+---------+---------+-------+---------
